 Dungeon Crawl Stone Soup version 0.31.0-9-g3a7656b989 (webtiles) character file.

Game seed: 4903940608356011247

3530 sentinel the Grappler (level 9, -3/88 HPs)
             Began as a Troll Fighter on Jan 24, 2024.
             Was a Priest of Okawaru.
             Slain by a yak (4 damage)
             ... on level 8 of the Dungeon.
             The game lasted 00:09:43 (1580 turns).

sentinel the Grappler (Troll Fighter)               Turns: 1580, Time: 00:09:43

Health: -3/88      AC:  4    Str: 30    XL:     9   Next: 82%
Magic:  9/11       EV: 16    Int:  4    God:    Okawaru [***...]
Gold:   29         SH: 10    Dex:  9    Spells: 8/8 levels left

rFire   . .          .
                       - Unarmed
rCold   . . .        b - +0 kite shield
rNeg    . . .        a - +0 robe
rPois   .            (helmet restricted)
rElec   .            (no cloak)
rCorr   +            (gloves unavailable)
SInv    .            (boots unavailable)
Will    .....        c - amulet of the acrobat
Stlth   +++          k - ring of resist corrosion
HPRegen 1.14/turn    v - +5 ring of evasion
MPRegen 0.12/turn

%: acrobat
@: heroic
A: large, unfitting armour, claws 3, regeneration 1, shaggy fur 1, tough skin 1
a: Renounce Religion, Heroism


You were on level 8 of the Dungeon.
You worshipped Okawaru.
Okawaru was most pleased with you.
You visited 1 branch of the dungeon, and saw 8 of its levels.
You also visited: Bailey.

You collected 29 gold pieces.

Inventory:

Hand Weapons
 s - the +5 scimitar "Killer Klown's Bane" {flame, rElec rF+ rC+ Str-2}
   (You found it in a bailey)

   Str-2:     It affects your strength (-2).
   rF+:       It protects you from fire.
   rC+:       It protects you from cold.
   rElec:     It insulates you from electricity.
Missiles
 m - 4 boomerangs (quivered)
Armour
 a - a +0 robe (worn)
 b - a +0 kite shield (worn)
Jewellery
 c - an amulet of the acrobat (around neck)
 k - a ring of resist corrosion (left claw)
 v - a +5 ring of evasion (right claw)
Wands
 p - a wand of mindburst (4)
 V - a wand of flame (7)
Scrolls
 f - a scroll of fog
 g - 3 scrolls of enchant weapon
 i - a scroll of poison
 j - a scroll of summoning
 l - a scroll of enchant armour
 o - a scroll of brand weapon
 q - a scroll of fear
 t - a scroll of revelation
Potions
 d - a potion of might
 e - a potion of lignification
 h - a potion of haste
 n - a potion of magic {unknown}
 M - a potion of mutation


   Skills:
 + Level 5.3(10.3) Fighting
 - Level 5.0(10.0) Throwing
 + Level 3.2(8.2) Dodging
 - Level 5.2(10.2) Shields
 + Level 8.7(13.7) Unarmed Combat
 - Level 5.0 Invocations


You had 8 spell levels left.
You didn't know any spells.
Your spell library contained the following spells:

 Spells                   Type           Power      Damage    Failure   Level
 Lesser Beckoning         Tloc           0%         N/A       80%         2
 Hailstorm                Conj/Ice       0%         3d5       95%         3
 Stone Arrow              Conj/Erth      0%         3d7       95%         3
 Teleport Other           Tloc           0%         N/A       95%         3
 Anguish                  Hex/Necr       0%         N/A       100%        4
 Cause Fear               Hex            0%         N/A       100%        4
 Petrify                  Alch/Erth      0%         N/A       100%        4
 Silence                  Hex/Air        0%         N/A       100%        5
 Lehudib's Crystal Spear  Conj/Erth      0%         10d2      100%        8
 Tukima's Dance           Hex            Unusable   N/A       N/A         3
 Animate Armour           Summ/Erth      Unusable   N/A       N/A         4

Dungeon Overview and Level Annotations

Branches:
Dungeon (8/15) Zot: 26877  Bailey (visited)
 Temple: D:4-7         Lair: D:8-11

Altars:
Ashenzari
Okawaru
Qazlal
Wu Jian
Xom

Annotations:
D:1 2 runed translucent doors


Innate Abilities, Weirdness & Mutations

You are too large for most types of armour.
You have claws for hands.
Your natural rate of healing is unusually fast.
You are covered in fur. (AC +1)
You have tough skin. (AC +1)


Message History

t - Shout!
Orders for allies: a - Attack new target. r - Retreat! s - Stop attacking. g - Guard the area. f - Follow me.
Anything else - Cancel.
You shout for attention!
You hear a shout!
Things that are here:
a +0 broad axe; a +0 scale mail An orc sorcerer comes into view.
It is wielding a +0 battleaxe.
Things that are here:
a +0 hand axe; a +0 leather armour; a hobgoblin corpse
Found an iron altar of Okawaru.
You barely miss the orc sorcerer. You closely miss the orc sorcerer.
The orc sorcerer closely misses you.
You claw the orc sorcerer!
The orc sorcerer is moderately wounded.
The orc sorcerer barely misses you.
You closely miss the orc sorcerer.
The orc sorcerer is moderately wounded.
The orc sorcerer hits you with a +0 battleaxe!
You mangle the orc sorcerer!!
The orc sorcerer is almost dead.
The orc sorcerer points at you and mumbles some strange words.
The bolt of fire hits you!!!
You mangle the orc sorcerer!!
You kill the orc sorcerer!
Okawaru is honoured by your kill.
Base training target 5.0 for Throwing reached!
Your base Throwing skill increases to level 5!
You need to enable at least one skill for training.
Your base Fighting skill increases to level 5!
Your base Dodging skill increases to level 3!
Things that are here:
a +0 battleaxe; a +0 scale mail; an orc corpse You feel like a meek peon again.
There is an open door here.
Found three items.
Found a scroll labelled REH GOFUN FYLL.
As you open the door, it creaks loudly!
There is an open door here.
i - 2 viscous pink potions You pick up the Almanac of the Unstable Singularity and begin reading...
It was the Almanac of the Unstable Singularity.
You add the spells Lesser Beckoning, Teleport Other and Petrify to your library.
q - a scroll of fear
r - a scroll labelled REH GOFUN FYLL
Okay, then.
You open the door.
There is an open door here.
There is an open door here.
You open the door.
There is an open door here.
You see here the +5 scimitar "Killer Klown's Bane" {flame, rElec rF+ rC+ Str-2}.
s - the +5 scimitar "Killer Klown's Bane" {flame, rElec rF+ rC+ Str-2}
There is an open door here.
There is an open door here.
There is an open door here.
Found a runed chain mail.
Found a leather armour and a crude plate armour.
Found a glowing leather armour.
You open the door.
There is an open door here.
You see here a +2 chain mail of fire resistance.
You see here the +1 plate armour of Dogma {rPois}.
You see here a +2 leather armour of poison resistance.
You open the door.
There is an open door here.
You open the door.
There is an open door here.
It was a potion of haste.
You feel yourself speed up.
h - a potion of haste;
i - a scroll of poison
There is an open door here.
You see here a +2 leather armour of poison resistance.
You see here a +2 chain mail of fire resistance.
There is an open door here.
There is an open door here.
Things that are here:
a +0 battleaxe; a +0 scale mail; an orc corpse
Things that are here:
a +0 hand axe; a +0 leather armour; a hobgoblin corpse
Things that are here:
a +0 broad axe; a +0 scale mail
There is a gate leading back out of this place here.
You open the door.
Found 9 gold pieces.
There is a gate leading back out of this place here.
Welcome back to the Dungeon!
There is an empty arch of ancient stone here.
r - a scroll of identify;
t - a scroll labelled REH GOFUN FYLL
As you read the scroll of identify, it crumbles to dust.
t - a scroll of revelation Your extra speed is starting to run out.
Throw: 4 boomerangs
Press: ? - help, Q - select action, (/) - cycle Shift-Dir - straight line, f - yak
Aim: a yak (68% to hit)
You throw a boomerang. The boomerang hits the yak.
The yak is lightly wounded.
Throw: 4 boomerangs
Press: ? - help, Q - select action, (/) - cycle Shift-Dir - straight line, f/p - yak
Aim: a yak (lightly wounded, 68% to hit)
Okay, then.
Found a spear.
You claw the orc!
You kill the orc!
Okawaru accepts your kill.
You feel yourself slow down. The yak completely misses you.
You barely miss the yak. The yak gores you!
You mangle the yak!!
The yak is heavily wounded.
The yak gores you!
You mangle the yak!!
You kill the yak!
Okawaru accepts your kill.
You hear a bellow!
You scratch the orc warrior.
The orc warrior is lightly wounded.
A yak comes into view.
The orc misses you.
The orc warrior hits you with a +0 dire flail!!
You scratch the orc warrior.
The orc warrior is moderately wounded.
A yak comes into view.
You block the orc's attack.
You scratch the orc warrior.
The orc warrior is heavily wounded.
You block the orc warrior's attack. The yak gores you!
The orc hits you but does no damage.
You gain the combat prowess of a mighty hero.
The orc warrior closely misses you.
A yak comes into view.
The orc hits you from afar with a +0 trident!
The yak bellows!
You scratch the orc warrior but do no damage.
The orc warrior is heavily wounded.
You hear a bellow!
The orc warrior hits you with a +0 dire flail!
* * * LOW HITPOINT WARNING * * *
The yak gores you but does no damage.
A yak comes into view.
The orc hits you but does no damage. The yak closely misses you.
The yak bellows!
You scratch the orc warrior.
The orc warrior is severely wounded.
The orc warrior hits you with a +0 dire flail!
* * * LOW HITPOINT WARNING * * *
The yak gores you!
* * * LOW HITPOINT WARNING * * *
You block the orc's attack. The yak gores you.
You die...

..#.....#)##..#
).#.....#.##..#
))#...........###.#
#.#...............:
#.............####.
..............#
........8.....#
##...8.....8..#####
#.....o.......o@Y#
.............o##Y#
##8....∩....8##


YY. #...........# ..## #...........# ..# #..8.....8...# ..# #.....8.......##..
####....###.#.# .# ...#..# #.#... You could see 4 yaks, an orc warrior and an
orc.

Vanquished Creatures
  An orc high priest (Bailey)
  An orc knight (Bailey)
  An orc sorcerer (Bailey)
  A wyvern (D:8)
  2 yaks (D:8)
  A water moccasin (D:6)
  An ice beast (D:5)
  3 orc warriors (Bailey)
  2 ogres
  2 black bears (D:6)
  A centaur (D:5)
  A phantom (D:5)
  A kobold brigand (D:6)
  A bombardier beetle (D:6)
  A hound (D:5)
  A jelly (D:6)
  4 orc priests
  A sleepcap (D:5)
  7 iguanas
  4 orc wizards
  A gnoll (Bailey)
  5 adders
  A white imp (D:6)
  2 ufetubi (D:7)
  3 dart slugs
  A ribbon worm (D:4)
  25 orcs
  2 bats
  7 endoplasms
  A giant cockroach (D:4)
  5 goblins
  11 hobgoblins
  4 kobolds
  A quokka (D:2)
  5 ball pythons
  A frilled lizard (D:1)
  A rat (D:2)
113 creatures vanquished.

Notes
Turn   | Place    | Note
-------+----------+-------------------------------------------
     0 | D:1      | sentinel the Troll Fighter began the quest for the Orb.
     0 | D:1      | Reached XP level 1. HP: 22/22 MP: 0/0
    25 | D:1      | Found a large runed translucent door.
    25 | D:1      | Found a large runed translucent door.
   145 | D:2      | Reached XP level 2. HP: 29/29 MP: 1/1
   186 | D:2      | Got Sif Muna's Exposition on Anathema and Congelation
   201 | D:3      | Reached skill level 3 in Unarmed Combat
   244 | D:4      | Reached XP level 3. HP: 17/36 MP: 2/2
   272 | D:4      | Reached skill level 4 in Unarmed Combat
   288 | D:4      | Reached XP level 4. HP: 44/44 MP: 3/3
   293 | D:4      | Noticed an ogre
   308 | D:4      | Killed an ogre
   309 | D:4      | Reached skill level 5 in Unarmed Combat
   309 | D:4      | Reached XP level 5. HP: 50/50 MP: 4/4
   314 | D:4      | Reached skill level 6 in Unarmed Combat
   378 | D:5      | Entered Level 5 of the Dungeon
   382 | D:5      | Reached XP level 6. HP: 46/59 MP: 5/5
   404 | D:5      | Found an ornate altar of the Wu Jian Council.
   471 | D:5      | Noticed an ice beast
   483 | D:5      | Killed an ice beast
   484 | D:5      | Reached XP level 7. HP: 55/67 MP: 6/6
   608 | D:5      | Reached skill level 7 in Unarmed Combat
   641 | D:6      | Found an iron altar of Okawaru.
   651 | D:6      | Found a stormy altar of Qazlal.
   679 | D:6      | Became a worshipper of Warmaster Okawaru
   902 | D:6      | Reached skill level 1 in Invocations
   902 | D:6      | Reached XP level 8. HP: 42/78 MP: 7/7
   936 | D:6      | Found a broken altar of Ashenzari.
   937 | D:6      | Found a shimmering altar of Xom.
  1004 | D:6      | Reached * piety under Okawaru
  1177 | D:7      | Reached skill level 8 in Unarmed Combat
  1219 | D:8      | Reached skill level 5 in Shields
  1292 | D:8      | Reached ** piety under Okawaru
  1303 | D:8      | Found a flagged portal.
  1312 | Bailey   | Entered a bailey
  1365 | Bailey   | Noticed an orc knight
  1375 | Bailey   | Killed an orc knight
  1376 | Bailey   | Reached XP level 9. HP: 54/87 MP: 8/11
  1383 | Bailey   | Reached skill level 5 in Invocations
  1396 | Bailey   | Reached skill level 1 in Throwing
  1426 | Bailey   | Noticed an orc high priest
  1436 | Bailey   | Noticed a rust devil
  1438 | Bailey   | Noticed an ice devil
  1441 | Bailey   | Killed an orc high priest
  1447 | Bailey   | Noticed an orc sorcerer
  1449 | Bailey   | Found an iron altar of Okawaru.
  1456 | Bailey   | Killed an orc sorcerer
  1456 | Bailey   | Reached *** piety under Okawaru
  1457 | Bailey   | Reached skill level 5 in Throwing
  1457 | Bailey   | Reached skill level 5 in Fighting
  1470 | Bailey   | Got the Almanac of the Unstable Singularity
  1485 | Bailey   | Identified the +5 scimitar "Killer Klown's Bane" {flame,
                  | rElec rF+ rC+ Str-2}
  1505 | Bailey   | Identified the +1 plate armour of Dogma {rPois}
  1580 | D:8      | HP: 1/88 [yak (10)]
  1580 | D:8      | Slain by a yak

Illustrated notes

Levels and vault maps discovered:
D:1:      erik_arrival_cave_to_civilisation [erik_arrival_cave_to_temple],
          layout_basic
D:2:      layout_basic, minmay_tripent, uniq_jessica
D:3:      layout_rooms
D:4:      layout_basic, grunt_tough_drop
D:5:      layout_rooms, nzn_wu_jian_council_hall, uniq_sigmund
D:6:      layout_gridville, gammafunk_temple_overflow_statue,
          mainiacjoe_overflow_catwalk_spiral, kennysheep_windowed_goal
D:7:      layout_layer_cave, minmay_temple_entry_mini_moons,
          minmay_stone_trees_small
D:8:      layout_rooms, enter_bailey_6

Skill      XL: |  1  2  3  4  5  6  7  8  9 |
---------------+----------------------------+-----
Unarmed Combat | 3 4 5 6 7 8 |  8.7
Shields        | 3 4 5 |  5.2
Fighting       | 3 4 5 |  5.3
Invocations    | 1 4 5 |  5.0
Throwing       | 5 |  5.0
Dodging        | 3 |  3.2

Action                     |  1- 3 |  4- 6 |  7- 9 || total
---------------------------+-------+-------+-------++-------
  Melee: Unarmed           |    65 |    83 |   177 ||   325
  Throw: Boomerang         |       |       |     2 ||     2
 Invoke: Heroism           |       |       |     3 ||     3
    Use: Potion            |       |     1 |     2 ||     3
         Scroll            |       |     2 |     9 ||    11
 Armour: Robe              |    47 |    34 |    97 ||   178
  Dodge: Dodged            |    57 |    22 |    91 ||   170
  Block: Kite shield       |    37 |    20 |    57 ||   114
